 Dungeon Crawl Stone Soup version 0.30.1-9-gdf580d7c3d (webtiles) character file.

Game seed: 2506976972742282462

53 Ivernyr the Shield-Bearer (level 4, 37/37 HPs)
             Began as a Formicid Fighter on Oct 7, 2023.
             Got out of the dungeon alive.
             The game lasted 00:03:47 (1848 turns).

Ivernyr the Shield-Bearer (Formicid Fighter)        Turns: 1848, Time: 00:03:47

Health: 37/37      AC:  8    Str: 22    XL:     4   Next: 11%
Magic:  4/4        EV:  9    Int:  8    God:
Gold:   34         SH:  5    Dex: 13    Spells: 3/3 levels left

rFire   . . .        a - +0 war axe
rCold   . . .        c - +0 buckler
rNeg    . . .        b - +0 scale mail
rPois   .            (helmet unavailable)
rElec   .            (no cloak)
rCorr   .            j - +0 pair of gloves
SInv    +            (no boots)
Will    .....        (no amulet) Stlth
                     (no ring)
HPRegen 0.26/turn    (no ring)
MPRegen 0.09/turn

%: no passive effects
@: studying Short Blades
A: permanent stasis, dig shafts and tunnels, antennae 3, four strong arms
a: Dig, Shaft Self


You escaped.
You visited 1 branch of the dungeon, and saw 3 of its levels.

You collected 34 gold pieces.

Inventory:

Hand Weapons
 a - a +0 war axe (weapon)
Armour
 b - a +0 scale mail (worn)
 c - a +0 buckler (worn)
 j - a +0 pair of gloves (worn)
Scrolls
 g - 2 scrolls of noise {unknown}
 i - 5 scrolls of identify {unknown}
 n - a scroll of fog {unknown}
 p - a scroll of fear {unknown}
 q - a scroll of silence {unknown}
Potions
 d - a potion of might
 e - 2 potions of brilliance {unknown}
 f - 2 potions of attraction {unknown}
 h - 2 potions of haste {unknown}
 k - a potion of lignification {unknown}
 l - a potion of resistance {unknown}
 m - a potion of curing {unknown}
 o - a potion of degeneration {unknown}


   Skills:
 + Level 3.7 Fighting
 * Level 3.0 Axes
 + Level 3.7 Armour
 + Level 4.5 Shields


You had 3 spell levels left.
You didn't know any spells.
Your spell library was empty.

Dungeon Overview and Level Annotations

Branches:
Dungeon (3/15)

Altars:

Shops:
D:3 :


Innate Abilities, Weirdness & Mutations

You cannot be hasted, slowed, berserked, paralysed or teleported.
You can dig through walls and to a lower floor.
You have a pair of large antennae on your head. (SInv)
Your four strong arms can wield two-handed weapons with a shield.


Message History

You slash the ball python!
You kill the ball python!
HP restored.
You sense a monster nearby.
A ball python comes into view.
The ball python hisses angrily.
A ball python is nearby!
You barely miss the ball python.
The ball python bites you but does no damage.
The ball python grabs you. The ball python constricts you.
You slash the ball python!
You kill the ball python!
A gnoll comes into view. It is wielding a +0 spear.
Found a purple potion and a book of Burglary.
Found 16 gold pieces.
The gnoll hits you with a +0 spear!
You hit the gnoll.
The gnoll is moderately wounded.
The gnoll hits you with a +0 spear. The gnoll barely misses you.
You slash the gnoll!
You kill the gnoll!
Your Axes skill increases to level 3!
You have reached level 4!
You feel clever.
You start resting.
HP restored.
(D) Dungeon
Where to? (Enter - D:3, ? - help)
What level of the Dungeon? (default 1, ? - help)
There is a stone staircase leading up here.
You climb upwards.
There is a stone staircase leading down here.
There is a stone staircase leading up here.
You climb upwards.
There is a stone staircase leading down here.
You enter the shallow water.
Moving in this stuff is going to be slow.
There is a staircase leading out of the dungeon here.
Are you sure you want to leave the Dungeon?
This will make you lose the game!
You have escaped!

##......~.......## #...#
#....~.~~...#....# #...#
#..~~.~.~≈~.#....###...#
#..≈≈.~..~~.##.........#
#.~~.≈≈~.~~.#........#..
#.~~~≈≈≈≈~.##...........
#....~~≈≈~..#.#.########
#..~~.~≈~..~#...#
#~..≈~~@~...#...#
#~...~~~...~#..##
#≈~..~~~..~~#### ## ##
#≈≈.......~~# #. ≈#######
#≈≈~......~≈# #. ≈≈~..†.#
#≈≈~~....~≈≈# #. ≈≈≈~##.#
#≈≈≈~...≈≈≈≈######### #.
≈≈≈≈≈#.# #≈≈≈~.~~~≈≈≈#.......#
#.
##≈≈≈~.###≈≈≈≈≈~~≈~≈≈#..####.#
#)


There were no monsters in sight!

Vanquished Creatures
  A gnoll (D:3)
  An adder (D:2)
  A dart slug (D:1)
  2 endoplasms
  A giant cockroach (D:1)
  4 goblins (D:1)
  9 hobgoblins
  A quokka (D:1)
  4 ball pythons
  A bat (D:2)
  3 frilled lizards
  A kobold (D:1)
  2 rats
31 creatures vanquished.

Notes
Turn   | Place    | Note
-------+----------+-------------------------------------------
     0 | D:1      | Ivernyr the Formicid Fighter began the quest for the Orb.
     0 | D:1      | Reached XP level 1. HP: 18/18 MP: 1/1
    72 | D:1      | You fall into a shaft and drop 1 floor!
   216 | D:1      | Reached XP level 2. HP: 24/24 MP: 2/2
   385 | D:1      | Reached XP level 3. HP: 29/29 MP: 3/3
   506 | D:1      | Found a faded altar of an unknown god.
  1619 | D:3      | Found Xamocim's Book Shoppe.
  1707 | D:3      | Reached XP level 4. HP: 23/37 MP: 4/4
  1848 | D:$      | Got out of the dungeon alive.

Illustrated notes

Levels and vault maps discovered:
D:1:      dpeg_arrival_more_subterranean_lakeside_camping, layout_loops_ring,
          nicolae_ecumenical_lake_church
D:2:      layout_basic
D:3:      layout_loops_ring, chequers_temple_overflow_minitemple,
          serial_aquarium, aquarium_bridge_long_joined [aquarium_subvault_wall,
          aquarium_subvault_window, aquarium_subvault_bridge,
          aquarium_subvault_bridge, aquarium_subvault_bridge,
          aquarium_subvault_window], aquarium_window_corner, aquarium_window_3,
          aquarium_view_2c, aquarium_view_2c, aquarium_pool_2, serial_shops,
          nicolae_shop_trees, minmay_misc_feat_columns

Skill      XL: |  1  2  3 |
---------------+----------+-----
Axes           | 3 |  3.0
Fighting       | |  3.7
Armour         | |  3.7
Shields        | |  4.5

Action                     |  1- 3 |  4- 6 || total
---------------------------+-------+-------++-------
  Melee: War axe           |    99 |       ||    99
 Armour: Scale mail        |    45 |       ||    45
  Dodge: Dodged            |    38 |       ||    38
  Block: Buckler           |    25 |       ||    25
